 Dungeon Crawl Stone Soup version 0.22-a0-91-g23542c2 (webtiles) character file.

71 wazuzu the Caller (level 4, -2/27 HPs)
             Began as an Octopode Summoner on Jan 22, 2018.
             Slain by Grinder (6 damage)
             ... while paralysed by Grinder
             ... on level 3 of the Dungeon.
             The game lasted 00:10:45 (2362 turns).

wazuzu the Caller (Octopode Summoner)               Turns: 2362, Time: 00:10:46

Health: -2/27      AC:  1    Str:  7    XL:     4   Next: 24%
Magic:  0/8        EV:  2    Int: 18    God:
Gold:   37         SH:  0    Dex: 12    Spells: 6/9 levels left

rFire    . . .     SeeInvis .   d - +0 dagger (flame)
rCold    . . .     Gourm    .   (no shield)
rNeg     . . .     Faith    .   (helmet restricted)
rPois    .         Spirit   .   (no amulet)
rElec    .         Reflect  .   (no ring)
rCorr    .         Harm     .   (no ring)
MR       .....                  (no ring)
Stlth    ++++......             (no ring)
HPRegen  0.09/turn              (no ring)
MPRegen  0.11/turn              (no ring)
                                (no ring)
                                (no ring)

@: paralysed
A: almost no armour, stealthy swim, amphibious, 8 rings, constrict 8, camouflage
1, gelatinous body 1
a: no special abilities


You were on level 3 of the Dungeon.
You were not hungry.

You visited 1 branch of the dungeon, and saw 3 of its levels.

You collected 37 gold pieces.

Inventory:

Hand Weapons
 d - a +0 dagger of flaming (weapon)
Scrolls
 c - a scroll of fear {unknown}
 e - 3 scrolls of amnesia {unknown}
 j - a scroll of enchant weapon {unknown}
 m - a scroll of identify {unknown}
Potions
 g - a potion of might {unknown}
 h - a potion of brilliance {unknown}
 i - a potion of curing {unknown}
 k - a potion of invisibility {unknown}
 l - a potion of haste {unknown}
Books
 a - a book of Callings

   Spells                             Type                      Level
   a - Summon Small Mammal            Summoning                    1
   b - Call Imp                       Summoning                    2
   c - Call Canine Familiar           Summoning                    3
   d - Summon Guardian Golem          Hexes/Summoning              3
   e - Summon Lightning Spire         Summoning/Air                4
   f - Summon Ice Beast               Ice/Summoning                4
Comestibles
 b - 4 rations


   Skills:
 - Level 2.0 Dodging
 - Level 2.6 Stealth
 + Level 3.2 Spellcasting
 + Level 4.8 Summonings


You had 6 spell levels left.
You knew the following spells:

 Your Spells              Type           Power        Failure   Level  Hunger
a - Call Imp              Summ           ###.....     3%          2    ##.....
b - Summon Small Mammal   Summ           ###.         2%          1    None


Dungeon Overview and Level Annotations

Branches:
Dungeon (3/15)

Altars:
Qazlal

Annotations:
D:3 Grinder


Innate Abilities, Weirdness & Mutations

You cannot wear most types of armour.
You are very stealthy in the water. (Stealth+)
You are amphibious.
You can wear up to eight rings at the same time.
You can use your tentacles to constrict eight enemies at once.
Your skin changes colour to match your surroundings (Stealth+).
Your rubbery body absorbs attacks. (AC +1, EV +1)


Message History

Grinder is heavily wounded.
Grinder gestures at you. Pain shoots through your body!
Your crimson imp hits Grinder.
Your crimson imp closely misses Grinder.
Your shadow imp splashes around in the water.
Unknown command.
You hit Grinder but do no damage. You grab Grinder.
You squeeze Grinder, but do no damage.
Grinder is severely wounded.
You constrict Grinder. Grinder gestures at you.
You suddenly lose the ability to move!
You lose your grip on Grinder.
Your crimson imp blinks!
Your shadow imp closely misses Grinder.
Your crimson imp barely misses Grinder.
Grinder hits you.
You writhe in agony.
* * * LOW HITPOINT WARNING * * *
Your shadow imp hits Grinder.
Your crimson imp hits Grinder but does no damage.
Grinder hits you.
You die...

#.. #.# ### ## . #.#
####.###.###.. #.# #.#
#.##.......... #.# #.# #.#
##.##5.5#.....# #.# #.#
#.#####......55...... #)#
#.# #...P##.####.########
#.# #.# ##.#.≈P.≈##...##
#.# #.# #...≈@55)PPP...##
#.# #.###.#.≈5♣♣≈≈≈≈....#
#<# #.##..#≈≈♣♣♣♣♣≈PP...#
#.####.##.##P≈≈♣ ♣♣≈P.#.#
#...........P≈≈♣ ♣♣≈≈.##.#
######.##.##PP≈≈♣♣≈≈≈P##.#
#.##.###≈≈P≈P≈PP###.#
#.##.# ###..PP≈.....#
#.##.# ##PP.#######


You could see Grinder, a friendly crimson imp and a friendly shadow imp.

Vanquished Creatures
  3 adders (D:2)
  2 worms (D:2)
  5 bats
  A giant cockroach (D:2)
  2 goblins (D:1)
  8 hobgoblins
  2 jackals (D:1)
  6 frilled lizards
  5 kobolds
  3 rats
37 creatures vanquished.

Vanquished Creatures (collateral kills)
  A giant cockroach (D:1)
  A jackal (D:1)
2 creatures vanquished.

Grand Total: 39 creatures vanquished

Notes
Turn   | Place    | Note
-------+----------+-------------------------------------------
     0 | D:1      | wazuzu the Octopode Summoner began the quest for the Orb.
     0 | D:1      | Reached XP level 1. HP: 11/11 MP: 3/3
   141 | D:1      | Reached XP level 2. HP: 1/17 MP: 3/5
   447 | D:1      | Learned a level 2 spell: Call Imp
  1333 | D:2      | Reached XP level 3. HP: 10/21 MP: 7/7
  1530 | D:2      | Found a stormy altar of Qazlal.
  1718 | D:2      | Reached XP level 4. HP: 27/27 MP: 8/8
  2157 | D:3      | Noticed Grinder
  2360 | D:3      | Paralysed by Grinder for 6 turns
  2362 | D:3      | Slain by Grinder

Vault maps used:
D:1:      kilobyte_arrival_exit_the_forest
D:2:      first_ration, nicolae_qazlal_eye_of_the_storm
D:3:      nicolae_ru_sacrificial_ziggurat, grunt_decor_resistance,
          serial_bayou_pond_c, uniq_terence, uniq_grinder

Skill      XL: |  1  2  3 |
---------------+----------+-----
Spellcasting   | 3 |  3.2
Dodging        | |  2.0
Stealth        | |  2.6
Summonings     | |  4.8

Action                   |  1- 3 |  4- 6 || total
-------------------------+-------+-------++-------
Melee: Dagger            |    85 |    18 ||   103
       Constrict         |    22 |     5 ||    27
       Unarmed           |     6 |       ||     6
       Tentacles         |    17 |     3 ||    20
 Cast: Summon Small Mamm |     3 |       ||     3
       Call Imp          |       |     9 ||     9
 Stab: Sleeping          |     5 |     3 ||     8
  Eat: Chunk             |     3 |     2 ||     5
Armor: Skin              |    23 |     1 ||    24
Dodge: Dodged            |    70 |     6 ||    76

Table legend:
 A = Spawn XP
 B = Non-spawn XP
 C = Spawn XP percentage of total XP
 D = Spawn monster count
 E = Non-spawn monster count
 F = Spawn count percentage of total count
 G = Total turns spent on level
                    A         B        C        D         E        F      G
               +---------+---------+-------+---------+---------+-------+---------
         Total |       0 |     102 |   0.0 |       0 |      39 |   0.0 |  2362
               +---------+---------+-------+---------+---------+-------+---------
           D:1 |       0 |      31 |   0.0 |       0 |      20 |   0.0 |  1309
           D:2 |       0 |      69 |   0.0 |       0 |      18 |   0.0 |   802
           D:3 |       0 |       2 |   0.0 |       0 |       1 |   0.0 |   251
               +---------+---------+-------+---------+---------+-------+---------
